 Dungeon Crawl Stone Soup version 0.28-a0-80-g9707f7362f (webtiles) character file.

Game seed: 2552301241675287428

1274 lunkers the Magician (level 8, -1/60 HPs)
             Began as a Djinni Earth Elementalist on Aug 5, 2021.
             Was an Initiate of Gozag.
             Shot with a bolt by a kobold (5 damage)
             ... on level 6 of the Dungeon.
             The game lasted 00:07:07 (5834 turns).

lunkers the Magician (Djinni Earth Elementalist)    Turns: 5834, Time: 00:07:08

Health: -1/60      AC:  2    Str:  7    XL:     8   Next: 83%
Gold:   397        EV: 12    Int: 25    God:    Gozag SH:  4 Dex: 18

rFire   + + .      SeeInvis .   s - +6 dagger "Yrymyil" {spect, Dex+4}
rCold   x . .      Faith    .   t - +0 buckler
rNeg    . . .      Spirit   .   b - +0 robe
rPois   ∞          Reflect  .   (no helmet)
rElec   .          Harm     .   (no cloak)
rCorr   .          Rampage  .   (no gloves)
Will    +....                   (boots unavailable)
Stlth   ++........              (no amulet)
HPRegen 0.20/turn               o - ring of willpower
MPRegen 0.00/turn               m - +6 ring of intelligence

@: flying
A: sickness immunity, fire resistance 2, cold vulnerability 1, float, innate
caster, hp casting, extra vitality 1
a: Renounce Religion, Potion Petition, Call Merchant, Bribe Branch


You were on level 6 of the Dungeon.
You worshipped Gozag.
Gozag was aware of your devotion.
You visited 2 branches of the dungeon, and saw 7 of its levels.

You collected 450 gold pieces.
You paid 53 gold pieces to Gozag.

Inventory:

Hand Weapons
 g - a +4 falchion
 h - a +1 dagger of venom
 s - the +6 dagger "Yrymyil" (weapon) {spect, Dex+4}
   (You found it on level 5 of the Dungeon)

   When its wielder attacks, the weapon's spirit leaps out and strikes again.
   The spirit shares a part of any damage it takes with its wielder.
   Dex:       It affects your dexterity (+4).
Missiles
 c - 76 stones
Armour
 b - a +0 robe (worn)
 l - a +2 kite shield
 t - a +0 buckler (worn)
Jewellery
 j - a +6 ring of dexterity
 m - a +6 ring of intelligence (right hand)
 o - a ring of willpower (left hand)
 p - a ring of see invisible
Wands
 r - a wand of iceblast (17)
 x - a wand of digging (6)
Scrolls
 a - 4 scrolls of identify {unknown}
 d - 3 scrolls of amnesia {unknown}
 e - 3 scrolls of vulnerability {unknown}
 n - 2 scrolls of teleportation {unknown}
 q - a scroll of enchant armour {unknown}
 u - a scroll of immolation {unknown}
 y - a scroll of fog {unknown}
Potions
 f - a potion of ambrosia {unknown}
 i - 2 potions of cancellation {unknown}
 k - a potion of heal wounds {unknown}
 v - a potion of haste {unknown}
 w - a potion of flight {unknown}
 z - a potion of curing {unknown}


   Skills:
 + Level 5.5 Fighting
 - Level 2.1 Dodging
 - Level 1.5 Stealth
 * Level 6.8 Spellcasting


You had 4 spell levels left.
You knew the following spells:

 Your Spells              Type           Power      Damage    Failure   Level
a - Stone Arrow           Conj/Erth      84%        3d12      1%          3
b - Passwall              Tmut/Erth      35%        N/A       1%          2
c - Sandblast             Erth           84%        2d18      1%          1
d - Petrify               Tmut/Erth      42%        N/A       7%          4
e - Apportation           Tloc           84%        N/A       1%          1
f - Call Imp              Summ           42%        N/A       1%          2
g - Teleport Other        Tloc           42%        N/A       1%          3
Your spell library was empty.

Dungeon Overview and Level Annotations

Branches:
Dungeon (6/15)             Temple (1/1) D:4

Altars:
Ashenzari
Cheibriados
Dithmenos
Elyvilon
Fedhas
Gozag
Hepliaklqana
Kikubaaqudgha
Makhleb
Nemelex Xobeh
Okawaru
Qazlal
Ru
Sif Muna
Uskayaw
Vehumet
Wu Jian
Yredelemnul
Zin
The Shining One

Shops:
D:4 (   D:6 (


Innate Abilities, Weirdness & Mutations

You are immune to sickness and miasma.
You are immune to poison.
Your flesh is very heat resistant. (rF++)
You are vulnerable to cold. (rC-)
You float through the air rather than walking.
You learn spells naturally, not from books.
Your magical power is your life essence.
You have superior vitality. (+4 HP)


Message History

Aiming: Stone Arrow (safe; 1% risk of failure)
Press: ? - help, Shift-Dir - straight line, f - kobold
Aim: a kobold, wielding a +0 short sword (70% to hit)
The stone arrow hits the kobold!!
You kill the kobold!
* * * LOW HITPOINT WARNING * * *
The kobold shoots a bolt.
The bolt hits you.
* * * LOW HITPOINT WARNING * * *
Casting: Stone Arrow (safe; 1% risk of failure)
Confirm with . or Enter, or press ? or * to list all spells.
Aiming: Stone Arrow (safe; 1% risk of failure)
Press: ? - help, Shift-Dir - straight line, f - kobold
Aim: a kobold, wielding a +0 whip and quivering stones (70% to hit)
The stone arrow misses the kobold.
* * * LOW HITPOINT WARNING * * *
The kobold is distracted by your dazzling golden aura.
The kobold throws a stone.
The stone barely misses you.
Casting: Stone Arrow (safe; 1% risk of failure)
Confirm with . or Enter, or press ? or * to list all spells.
Aiming: Stone Arrow (safe; 1% risk of failure)
Press: ? - help, Shift-Dir - straight line, f/p - kobold
Aim: a kobold, wielding a +0 whip and quivering stones (70% to hit)
The stone arrow hits the kobold!
You kill the kobold!
* * * LOW HITPOINT WARNING * * *
You hear a shout!
The kobold shoots a bolt.
The bolt hits you!
* * * LOW HITPOINT WARNING * * *
Casting: Stone Arrow (safe; 1% risk of failure)
Confirm with . or Enter, or press ? or * to list all spells.
Aiming: Stone Arrow (safe; 1% risk of failure)
Press: ? - help, Shift-Dir - straight line, f - kobold
Aim: a kobold, wielding a +0 hand crossbow and quivering bolts (70% to hit)
The stone arrow misses the kobold.
* * * LOW HITPOINT WARNING * * *
Unknown command.
The kobold shoots a bolt.
The bolt hits you but does no damage.
The kobold shoots a bolt.
The bolt hits you.
You die...
Your body crumbles into a pile of gold.

..####..................
#...#.......∩.......#...
#.....##)..............
#....#....###.........
#.......## ##........
###.....## ##KK#....
##......## #.......
#........## ##.$..#..
...##..@...## #..K.###.
#..###..####$..# #. #..#
##..KK...## #. #..#
##.......# ##. #<##
#.......###.. #.#
#...)....##.. #.#
#........#... ..#
#..#.......... ..#
#..#####......#


You could see 2 kobolds.

Vanquished Creatures
  Eustachio (D:6)
  A steam dragon (D:6)
  A water moccasin (D:5)
  A sky beast (D:5)
  An ice beast (D:5)
  A necrophage (D:5)
  An ogre (D:3)
  A kobold brigand (D:6)
  2 scorpions (D:5)
  A water moccasin skeleton (D:4)
  An orc priest (D:4)
  A scorpion zombie (D:5)
  2 orc wizards (D:4)
  An iguana (D:5)
  A hound skeleton (D:5)
  3 adders
  A howler monkey skeleton (D:4)
  2 ufetubi
  A worm (D:5)
  2 dart slugs (D:1)
  15 orcs
  6 ball pythons
  5 endoplasms
  2 giant cockroaches (D:1)
  7 goblins
  9 hobgoblins
  10 jackals
  A quokka (D:1)
  13 bats
  3 frilled lizards
  9 kobolds
  4 rats
110 creatures vanquished.

Notes
Turn   | Place    | Note
-------+----------+-------------------------------------------
     0 | D:1      | lunkers the Djinni Earth Elementalist began the quest for
                  | the Orb.
     0 | D:1      | Reached XP level 1. HP: 15/15 MP: 0/0
    39 | D:1      | Reached XP level 2. HP: 6/22 MP: 0/0
    39 | D:1      | HP: 1/22 [quokka (4)]
   542 | D:1      | Reached skill level 1 in Fighting
   673 | D:1      | Found a faded altar of an unknown god.
   942 | D:1      | Reached XP level 3. HP: 21/27 MP: 0/0
   942 | D:1      | Learned a level 1 spell: Apportation
  1037 | D:1      | Reached skill level 3 in Spellcasting
  1608 | D:2      | Reached XP level 4. HP: 30/32 MP: 0/0
  2195 | D:3      | Noticed an ogre
  2207 | D:3      | Killed an ogre
  2208 | D:3      | Reached XP level 5. HP: 34/39 MP: 0/0
  2208 | D:3      | Learned a level 2 spell: Call Imp
  2318 | D:3      | Reached skill level 4 in Spellcasting
  2855 | D:4      | Reached XP level 6. HP: 40/45 MP: 0/0
  3128 | D:4      | Found a staircase to the Ecumenical Temple.
  3214 | Temple   | Entered the Ecumenical Temple
  3412 | Temple   | Became a worshipper of Gozag Ym Sagoz the Greedy
  3911 | D:4      | Found Gukhy's Antique Weapon Emporium.
  4329 | D:5      | Entered Level 5 of the Dungeon
  4340 | D:5      | Noticed a water moccasin
  4344 | D:5      | Killed a water moccasin
  4345 | D:5      | Reached skill level 5 in Spellcasting
  4345 | D:5      | Reached XP level 7. HP: 32/51 MP: 0/0
  4345 | D:5      | Learned a level 3 spell: Teleport Other
  4703 | D:5      | Identified the +6 dagger "Yrymyil" {spect, Dex+4}
  5064 | D:5      | Reached XP level 8. HP: 49/58 MP: 0/0
  5122 | D:5      | Reached skill level 6 in Spellcasting
  5559 | D:6      | Found Comir's Weapon Shop.
  5579 | D:6      | Reached skill level 5 in Fighting
  5720 | D:6      | Noticed Eustachio
  5732 | D:6      | Killed Eustachio
  5834 | D:6      | Shot with a bolt by a kobold

Illustrated notes

Levels and vault maps discovered:
D:1:      dpeg_arrival_refuge, layout_basic,
          shapermc_ecumenical_altar_totnotflames, minmay_tetromino_t4
D:2:      layout_basic
D:3:      layout_basic, chequers_garden, st_stairs_12
D:4:      layout_rooms, minmay_temple_entry_poolview, serial_shops,
          nicolae_diamond_shop
D:5:      layout_loops_ring, corexii_mini_fake_secret_closet
D:6:      layout_layer_cave, serial_shops, shop, kennysheep_path_1,
          uniq_eustachio
Temple:   regret_index_temple_chain_breaker

Skill      XL: |  1  2  3  4  5  6  7  8 |
---------------+-------------------------+-----
Fighting       | 1 2 3 4 5 |  5.5
Spellcasting   | 3 4 5 6 |  6.8
Dodging        | |  2.1
Stealth        | |  1.5

Action                   |  1- 3 |  4- 6 |  7- 9 || total
-------------------------+-------+-------+-------++-------
 Cast: Sandblast         |    66 |    60 |       ||   126
       Stone Arrow       |       |    21 |    43 ||    64
Armor: Robe              |     6 |     3 |     3 ||    12
Dodge: Dodged            |    16 |    13 |    14 ||    43
Block: Buckler           |       |       |     3 ||     3

Table legend: (Time is in decaauts)
 A = Elapsed time spent in this place.
 B = Non-inter-level travel time spent in this place.
 C = Inter-level travel time spent in this place.
 D = Time resting spent in this place.
 E = Time spent auto-exploring this place.
 F = Levels seen in this place.
 G = Mean time per level.
                   A        B        C        D        E       F      G
               +--------+--------+--------+--------+--------+-----+--------+
         Total |   5831 |   5674 |    157 |    593 |   4487 |   7 |  833.0 |
       Dungeon |   5623 |   5476 |    147 |    593 |   4316 |   6 |  937.2 |
        Temple |    207 |    198 |      9 |      0 |    171 |   1 |  207.0 |
               +--------+--------+--------+--------+--------+-----+--------+

Top non-repeatable levels by time:
     D:1: 1282 daAuts
     D:5: 1224 daAuts
     D:4: 1047 daAuts
     D:3: 935 daAuts
     D:2: 854 daAuts
     D:6: 279 daAuts
  Temple: 207 daAuts
